 Dungeon Crawl Stone Soup version 0.31.0-4-g52a2dc7128 (webtiles) character file.

Game seed: 6346440706794961483

165652 Colgate the Slayer (level 17, -8/183 HPs)
             Began as a Minotaur Fire Elementalist on Jan 21, 2024.
             Was a High Priest of Nemelex Xobeh.
             Mangled by a wolf spider (14 damage)
             ... on level 3 of the Spider Nest on Jan 22, 2024.
             The game lasted 04:08:30 (50342 turns).

Colgate the Slayer (Minotaur Fire Elementalist)    Turns: 50342, Time: 04:08:30

Health: -8/183     AC: 23    Str: 26    XL:     17   Next: 28%
Magic:  24/24      EV:  9    Int: 10    God:    Nemelex Xobeh [*****.]
Gold:   782        SH: 15    Dex: 12    Spells: 16/18 levels left

rFire   . . .        a - +3 demon whip (venom)
rCold   . . .        n - +2 kite shield
rNeg    . . .        U - +1 chain mail {rPois}
rPois   +            h - +2 hat {Stlth+}
rElec   .            I - +0 cloak
rCorr   .            D - +0 pair of gloves
SInv    +            m - +2 pair of boots
Will    +....        V - amulet of faith Stlth
                     L - +6 ring of strength
HPRegen 0.50/turn    N - ring of see invisible
MPRegen 0.19/turn

%: faith
@: lethally poisoned (-8 -> -38)
A: horns 2, retaliatory headbutt, hooves 2, dopey 1
a: Renounce Religion, Draw Escape, Draw Destruction, Draw Summoning, Triple
Draw, Deal Four, Stack Five


You were on level 3 of the Spider Nest.
You worshipped Nemelex Xobeh.
Nemelex Xobeh was extremely pleased with you.
You visited 5 branches of the dungeon, and saw 27 of its levels.

You collected 2142 gold pieces.
You spent 1360 gold pieces at shops.

Inventory:

Hand Weapons
 a - a +3 demon whip of venom (weapon)
 b - a +5 morningstar of freezing
Missiles
 c - 25 boomerangs (quivered)
 o - 11 javelins
 p - 45 poisoned darts
 y - 6 curare-tipped darts
 T - 7 throwing nets {!f}
Armour
 h - a +2 hat of stealth (worn)
 m - a +2 pair of boots (worn)
 n - a +2 kite shield (worn)
 D - a +0 pair of gloves (worn)
 I - a +0 cloak (worn)
 U - a +1 chain mail of poison resistance (worn)
 W - a scarf of repulsion
Jewellery
 k - a ring of protection from cold
 s - a ring of willpower
 v - a ring of protection from fire
 F - a ring of positive energy
 K - a ring of protection from fire
 L - a +6 ring of strength (left hand)
 N - a ring of see invisible (right hand)
 P - a ring of willpower
 V - an amulet of faith (around neck)
Wands
 x - a wand of charming (27)
 E - a wand of flame (56)
 J - a wand of mindburst (39)
 Q - a wand of iceblast (6) {@v2}
 X - a wand of digging (8) {@v3}
 Z - a wand of polymorph (11)
Scrolls
 d - 6 scrolls of teleportation {@r3}
 f - 2 scrolls of butterflies
 g - 2 scrolls of revelation
 i - 3 scrolls of immolation
 l - 11 scrolls of blinking {@r4}
 t - 2 scrolls of torment
 u - 12 scrolls of identify {@r1}
 z - 3 scrolls of fog
 O - 2 scrolls of poison
 S - 2 scrolls of vulnerability
 Y - 2 scrolls of fear
Potions
 e - 2 potions of attraction
 j - 13 potions of curing {@q1}
 q - 3 potions of haste {@q4}
 r - 4 potions of lignification
 w - 3 potions of enlightenment
 A - a potion of resistance {@q5}
 B - 3 potions of brilliance
 G - 3 potions of magic
 H - a potion of invisibility
 M - 3 potions of heal wounds {@q2}
 R - a potion of might {@q3}
Miscellaneous
 C - a phantom mirror


   Skills:
 - Level 24.3 Fighting
 - Level 12.0 Maces & Flails
 - Level 14.0 Polearms
 + Level 14.6 Armour
 - Level 2.1 Dodging
 - Level 1.5 Stealth
 - Level 14.9 Shields
 - Level 1.3 Spellcasting
 - Level 0.6 Conjurations
 - Level 2.1 Fire Magic
 - Level 11.0 Invocations
 - Level 4.0 Evocations


You had 16 spell levels left.
You knew the following spells:

 Your Spells              Type           Power      Damage    Failure   Level
a - Foxfire               Conj/Fire      12%        2x1d4     65%         1
b - Apportation           Tloc           0%         N/A       83%         1

Your spell library contained the following spells:

 Spells                   Type           Power      Damage    Failure   Level
 Scorch                   Fire           10%        2d5       67%         2
 Sting                    Conj/Alch      4%         1d3       80%         1
 Freeze                   Ice            0%         1d3       83%         1
 Necrotise                Necr           0%         1d4       83%         1
 Sandblast                Erth           0%         2d4       83%         1
 Summon Small Mammal      Summ           0%         N/A       83%         1
 Static Discharge         Conj/Air       2%         3-4/arc   91%         2
 Call Imp                 Summ           0%         N/A       93%         2
 Mercury Vapours          Alch/Air       0%         N/A       93%         2
 Sublimation of Blood     Necr           0%         N/A       93%         2
 Inner Flame              Hex/Fire       2%         N/A       96%         3
 Volatile Blastmotes      Fire/Tloc      4%         2d10      96%         3
 Dazzling Flash           Conj/Hex       2%         N/A       99%         3
 Frozen Ramparts          Ice            0%         1d1       99%         3
 Hailstorm                Conj/Ice       1%         3d5       99%         3
 Passwall                 Erth           0%         N/A       99%         3
 Stone Arrow              Conj/Erth      2%         3d7       99%         3
 Summon Ice Beast         Ice/Summ       0%         N/A       99%         3
 Airstrike                Air            0%         2d(0-16)  100%        4
 Animate Armour           Summ/Erth      0%         N/A       100%        4
 Brom's Barrelling Bould  Conj/Erth      1%         2d3       100%        4
 Dimensional Bullseye     Hex/Tloc       0%         N/A       100%        4
 Flame Wave               Conj/Fire      3%         2d5       100%        4
 Fulminant Prism          Conj/Alch      0%         3d5       100%        4
 Iskenderun's Mystic Bla  Conj/Tloc      1%         2d3       100%        4
 Olgreb's Toxic Radiance  Alch           0%         N/A       100%        4
 Summon Blazeheart Golem  Fire/Summ      2%         N/A       100%        4
 Summon Lightning Spire   Summ/Air       0%         N/A       100%        4
 Alistair's Intoxication  Alch           0%         N/A       100%        5
 Borgnjor's Vile Clutch   Necr/Erth      0%         N/A       100%        5
 Iskenderun's Battlesphe  Conj           1%         2d6       100%        5
 Lee's Rapid Deconstruct  Erth           0%         3d4*      100%        5
 Summon Forest            Summ/Tloc      0%         N/A       100%        5
 Summon Mana Viper        Hex/Summ       0%         N/A       100%        5
 Bombard                  Conj/Erth      0%         9d1       100%        6
 Eringya's Noxious Bog    Alch           0%         4d6       100%        6
 Sculpt Simulacrum        Ice/Alch       0%         N/A       100%        6
 Starburst                Conj/Fire      1%         6d3       100%        6
 Summon Cactus Giant      Summ           0%         N/A       100%        6
 Orb of Destruction       Conj           0%         9d5       100%        7
 Spellforged Servitor     Conj/Summ      0%         N/A       100%        7
 Summon Hydra             Summ           0%         N/A       100%        7
 Maxwell's Capacitive Co  Air            0%         ∞         100%        8


Dungeon Overview and Level Annotations

Branches:
Dungeon (15/15)            Temple (1/1) D:4            Lair (5/5) D:9
  Swamp (0/4) Lair:3       Spider (4/4) Lair:2        Slime (0/5) Lair:5
    Orc (2/2) D:10            Elf (0/3) Orc:2        Vaults (0/5) D:14
 Depths (0/4) D:15

Altars:
Ashenzari
Cheibriados
Dithmenos
Elyvilon
Fedhas
Gozag
Hepliaklqana
Kikubaaqudgha
Makhleb
Nemelex Xobeh
Okawaru
Qazlal
Ru
Sif Muna
Trog
Uskayaw
Vehumet
Wu Jian
Xom
Yredelemnul
Zin
The Shining One
Jiyva

Shops:
D:8 [   D:12 :   Orc:2 ((==

Portals:
Abyss: D:11

Annotations:
D:11 2 transporters, AlterAsc's ghost, novice SpSh
Spider:3 3 runed translucent doors, Amplified's ghost, adept MiAl


Innate Abilities, Weirdness & Mutations

You have a pair of horns on your head.
You reflexively headbutt those who attack you in melee.
You have hoof-like feet.
You are dopey. (Int -2)


Message History

The tarantella's corpse disappears in a puff of smoke!
The culicivora bites you but does no damage.
The wolf spider barely misses you. The wolf spider bites you.
* * * LOW HITPOINT WARNING * * *
The broodmother bites you.
* * * LOW HITPOINT WARNING * * *
The redback barely misses you.
You barely miss the broodmother. You headbutt the broodmother.
The culicivora bites you but does no damage.
The tarantella touches you but does no damage.
The redback bites you!
* * * LOW HITPOINT WARNING * * *
The wolf spider hits you but does no damage.
The wolf spider closely misses you.
You're too confused to move!
The broodmother bites you but does no damage.
The culicivora bites you.
* * * LOW HITPOINT WARNING * * *
The culicivora draws strength from your injuries!
The tarantella barely misses you. The redback bites you.
* * * LOW HITPOINT WARNING * * *
The wolf spider hits you.
* * * LOW HITPOINT WARNING * * *
The wolf spider bites you!
* * * LOW HITPOINT WARNING * * *
The broodmother bites you but does no damage.
You feel better. The culicivora completely misses you. You furiously retaliate!
You headbutt the culicivora, but do no damage.
You block the tarantella's attack. You block the redback's attack.
You block the wolf spider's attack. The wolf spider bites you!
* * * LOW HITPOINT WARNING * * *
You are lethally poisoned!
The wolf spider poisons you! The broodmother closely misses you.
The culicivora bites you.
* * * LOW HITPOINT WARNING * * *
The culicivora draws strength from your injuries!
The tarantella touches you but does no damage.
The wolf spider hits you!
You die...
Your body glows with a rainbow of weird colours and disappears.

.......#...####............####..
.......#...###.#...<.........####
......s#..##...####...........#
...ysWH#.....^^..###..........#
....wys#..##......####.......##
##+++###........>..#####.....## #
..........#......†..#.###.##..###
..........##...sss..#.# ##..#..#.
#.........###..s@s...## ##....##
##.........###.....#.# ##....#
##.......^.###...#### ##....
#...........####....##### #....#
#.............##.##.....###..###
##........................##### #
.^......>....##..............####
##...........##......^....###.##.
#.....^....###...........# ##...


You could see a broodmother (extremely poisoned), a wolf spider (extremely
poisoned), a culicivora (summoned), a tarantella and a redback (summoned).

Vanquished Creatures
  Gastronok (D:8)
  A ghost moth (Lair:2)
  2 cacodemons
  An emperor scorpion (Spider:4)
  An orc warlord (Orc:2)
  2 broodmothers (Spider:4)
  A spark wasp (Spider:1)
  Snorg (D:11)
  A green death (Lair:4)
  4 entropy weavers
  A fire dragon (D:15)
  Erolcha (Orc:2)
  2 rakshasas (D:15)
  Harold (D:10)
  4 jorogumos
  4 catoblepae
  4 centaur warriors
  5 hydras
  4 boulder beetles
  8 two-headed ogres
  A deep troll shaman (Lair:5)
  16 death yaks
  2 tengu warriors (D:15)
  A death scarab (Spider:2)
  An occultist (D:15)
  5 orc high priests
  Urug (Lair:2)
  9 demonic crawlers
  Nergalle (D:10)
  A soul eater (Orc:1)
  Sonja (Lair:2)
  4 pharaoh ants
  4 skeletal warriors (D:15)
  4 skysharks
  An arcanist (D:14)
  6 orb spiders
  A lindwurm (Lair:3)
  A sun moth (Spider:3)
  A necromancer (D:15)
  12 orc knights
  2 deep elf pyromancers (D:13)
  6 steelbarb worms
  2 deep elf zephyrmancers
  A manticore (D:12)
  3 cyclopes
  3 orc sorcerers
  16 ugly things
  19 wolf spiders
  2 moths of wrath
  17 meliai
  The ghost of Azuvok the Chopper, a novice MiFi (D:6)
  21 elephants
  3 kobold blastminers
  5 black mambas
  6 torpor snails
  A gargoyle (D:10)
  A centaur skeleton (D:15)
  2 smoke demons (Lair:5)
  11 cane toads
  An unseen horror (D:11)
  2 rime drakes
  A kobold demonologist (D:12)
  A yaktaur (Spider:4)
  10 komodo dragons
  A tengu conjurer (D:15)
  A hellwing (Lair:3)
  A queen bee (Lair:2)
  A wind drake (D:15)
  Prince Ribbit (D:5)
  4 polar bears
  7 trolls
  16 tarantellas
  17 blink frogs
  11 culicivoras
  Sigmund (D:4)
  26 jumping spiders
  A ynoxinul (Lair:5)
  2 shadows (D:12)
  A vampire (D:9)
  A wraith (D:10)
  A fire bat (Spider:4)
  4 fire elementals (Orc:1)
  25 yaks
  7 basilisks
  2 wargs
  5 wyverns
  40 redbacks
  A steam dragon (Lair:1)
  Grum (D:11)
  8 vampire mosquitoes
  Edmund (D:5)
  A harpy simulacrum (D:15)
  17 water moccasins
  Duvessa (D:5)
  36 orc warriors
  4 black bears
  2 hell hounds (Orc:1)
  A hornet zombie (D:8)
  6 sky beasts
  4 boggarts (D:14)
  23 wolves
  4 centaurs
  6 ogres
  A phantom (D:5)
  4 kobold brigands
  A brain worm (D:5)
  3 necrophages
  10 bullfrogs
  A scorpion (D:6)
  6 gnoll sergeants
  A hornet simulacrum (D:15)
  14 wights
  Dowan (D:5)
  42 killer bees
  5 howler monkeys
  2 bombardier beetles (D:4)
  A centaur zombie (D:8)
  A human zombie (D:8)
  4 jellies
  2 gnoll boudas
  28 orc priests
  A hound (D:5)
  Ijyb (D:4)
  4 iguanas
  14 orc wizards
  Terence (D:2)
  13 hell rats
  3 mummies (D:8)
  41 gnolls
  8 adders
  A river rat (Lair:2)
  A shadow imp (D:7)
  3 white imps
  2 ufetubi (D:7)
  4 ribbon worms
  4 dart slugs
  67 orcs
  7 bats
  7 endoplasms
  A giant cockroach (D:8)
  8 goblins
  9 hobgoblins
  7 jackals
  5 kobolds
  3 quokkas
  6 ball pythons
  4 frilled lizards
  8 rats
911 creatures vanquished.

Vanquished Creatures (collateral kills)
  A ghost moth (Spider:1)
  A cacodemon (Lair:4)
  A broodmother (Spider:4)
  A demonic crawler (Spider:4)
  Amaemon (Lair:2)
  A pharaoh ant (Lair:2)
  An orb spider (Spider:3)
  A steelbarb worm (Spider:3)
  2 wolf spiders
  An ugly thing (D:14)
  An orange demon (Lair:2)
  3 jumping spiders (Lair:2)
  A culicivora (Spider:4)
  2 redbacks
18 creatures vanquished.

Vanquished Creatures (others)
  An elephant (Lair:5)
  A meliai (Spider:4)
  A killer bee (Lair:3)
  9 foxfires (D:1)
12 creatures vanquished.

Grand Total: 941 creatures vanquished

Notes
Turn   | Place    | Note
-------+----------+-------------------------------------------
     0 | D:1      | Colgate the Minotaur Fire Elementalist began the quest for
                  | the Orb.
     0 | D:1      | Reached XP level 1. HP: 14/14 MP: 1/1
    67 | D:1      | Reached skill level 1 in Fighting
   200 | D:1      | Reached skill level 2 in Fighting
   200 | D:1      | Reached XP level 2. HP: 24/24 MP: 0/3
   278 | D:1      | Found a faded altar of an unknown god.
   436 | D:1      | Reached skill level 3 in Fighting
   436 | D:1      | Reached XP level 3. HP: 10/31 MP: 4/4
  1281 | D:2      | Reached skill level 1 in Armour
  1358 | D:2      | Reached XP level 4. HP: 26/40 MP: 5/5
  1450 | D:2      | Reached skill level 4 in Fighting
  1604 | D:2      | Noticed Terence
  1623 | D:2      | Killed Terence
  1879 | D:2      | Reached skill level 5 in Fighting
  1879 | D:2      | Reached XP level 5. HP: 48/48 MP: 6/6
  1920 | D:2      | Found a burning altar of Makhleb.
  1928 | D:2      | Became a worshipper of Makhleb the Destroyer
  3092 | D:3      | Found a glowing golden altar of the Shining One.
  3415 | D:4      | Found a sparkling altar of Nemelex Xobeh.
  3513 | D:3      | Reached skill level 1 in Polearms
  3671 | D:4      | Reached * piety under Makhleb
  3855 | D:4      | Found a blossoming altar of Fedhas.
  3863 | D:4      | Reached XP level 6. HP: 53/56 MP: 7/7
  4198 | D:4      | Reached skill level 5 in Polearms
  4333 | D:4      | Reached XP level 7. HP: 61/61 MP: 8/8
  4533 | D:4      | Found a staircase to the Ecumenical Temple.
  4540 | Temple   | Entered the Ecumenical Temple
  4592 | D:4      | Noticed Sigmund
  5025 | D:4      | Killed Sigmund
  5076 | D:5      | Entered Level 5 of the Dungeon
  5368 | D:5      | Found a shimmering altar of Xom.
  5369 | D:5      | Found a shimmering altar of Xom.
  5371 | D:5      | Found a shimmering altar of Xom.
  5380 | D:5      | Noticed Duvessa
  5503 | D:5      | Noticed Dowan
  5519 | D:5      | Noticed Ijyb
  5911 | D:4      | Reached XP level 8. HP: 53/69 MP: 9/9
  5989 | D:4      | Killed Ijyb
  6040 | D:5      | Reached ** piety under Makhleb
  6484 | D:5      | Reached skill level 10 in Polearms
  6610 | D:5      | Found an opulent altar of Gozag.
  6686 | D:5      | Killed Duvessa
  6786 | D:5      | Noticed Edmund
  6813 | D:5      | Killed Edmund
  6928 | D:5      | Noticed Prince Ribbit
  6949 | D:5      | Killed Prince Ribbit
  7052 | D:5      | Killed Dowan
  7623 | D:5      | Found a hide-covered altar of Uskayaw.
  7807 | D:6      | Reached XP level 9. HP: 74/74 MP: 10/10
  8124 | D:6      | Found a transporter.
  8124 | D:6      | Found a transporter.
  8730 | D:7      | Found a burning altar of Makhleb.
  9269 | D:8      | Reached *** piety under Makhleb
  9398 | D:8      | Found a sacrificial altar of Ru.
  9419 | D:8      | Noticed Gastronok
  9680 | D:8      | Reached skill level 6 in Fighting
  9879 | D:8      | Reached skill level 7 in Fighting
  9919 | D:8      | Found a basalt altar of Yredelemnul.
 10075 | D:7      | Reached XP level 10. HP: 86/86 MP: 11/11
 10187 | D:8      | Reached skill level 5 in Armour
 10449 | D:8      | Found an iron altar of Okawaru.
 10517 | D:8      | Found an ornate altar of the Wu Jian Council.
 10709 | D:8      | Found a white marble altar of Elyvilon.
 10903 | D:8      | Found Murosasch's Antique Armour Boutique.
 10909 | D:8      | Bought a heavily runed orb for 392 gold pieces
 10909 | D:8      | Identified the orb of the Game Afoot {*channel, Dex+2} (You
                  | bought it in a shop on level 8 of the Dungeon)
 10981 | D:9      | Reached skill level 8 in Fighting
 11028 | D:9      | Found a staircase to the Lair.
 11096 | D:8      | Reached skill level 9 in Fighting
 11303 | D:8      | Reached skill level 10 in Fighting
 11326 | D:9      | Reached **** piety under Makhleb
 11549 | D:9      | Noticed a two-headed ogre
 11566 | D:9      | Killed a two-headed ogre
 11981 | D:9      | Reached skill level 11 in Fighting
 11988 | D:9      | Noticed a centaur warrior
 12529 | D:9      | Killed a centaur warrior
 12530 | D:9      | Reached XP level 11. HP: 65/104 MP: 12/12
 12831 | D:10     | Entered Level 10 of the Dungeon
 12989 | D:10     | Reached skill level 12 in Fighting
 13638 | D:10     | Noticed Harold
 13670 | D:10     | Killed Harold
 13671 | D:10     | Reached skill level 13 in Fighting
 14104 | D:10     | Found a staircase to the Orcish Mines.
 14833 | D:11     | Noticed Snorg
 14924 | D:11     | Found a white marble altar of Elyvilon.
 14950 | D:11     | Noticed a two-headed ogre
 14965 | D:11     | Killed a two-headed ogre
 15076 | D:11     | Noticed AlterAsc's ghost (novice SpSh)
 15083 | D:11     | Noticed a skeletal warrior
 15330 | Orc:1    | Entered Level 1 of the Orcish Mines
 15330 | Orc:1    | Noticed Nergalle
 15360 | Lair:1   | Entered Level 1 of the Lair of Beasts
 15479 | Lair:1   | Reached skill level 14 in Fighting
 15978 | Lair:1   | Reached skill level 15 in Fighting
 16090 | Lair:1   | Got the Tome of Flaming Coordinates
 16533 | Lair:2   | Noticed Sonja
 16554 | Lair:1   | HP: 3/112 [yak (7)]
 16559 | Lair:1   | HP: 4/112 [poisoned by a black mamba]
 17042 | Lair:2   | Reached skill level 10 in Armour
 17042 | Lair:2   | Reached XP level 12. HP: 119/119 MP: 13/13
 17066 | Lair:2   | Reached ***** piety under Makhleb
 17084 | Lair:2   | Noticed Urug
 17107 | Lair:2   | Killed Urug
 17412 | Lair:2   | Killed Sonja
 17418 | Lair:2   | Reached skill level 16 in Fighting
 17761 | Lair:2   | Found a hole to the Spider Nest.
 18002 | Lair:2   | Noticed Amaemon
 18018 | Lair:2   | Killed Amaemon
 18196 | Lair:2   | Reached skill level 17 in Fighting
 18207 | Lair:2   | Reached skill level 1 in Maces & Flails
 18873 | Lair:3   | Found a glowing silver altar of Zin.
 18873 | Lair:3   | Found a staircase to the Swamp.
 19220 | D:11     | Reached skill level 5 in Maces & Flails
 19230 | D:11     | Noticed Grum
 19240 | D:11     | Killed Grum
 19509 | D:11     | Found a transporter.
 19513 | D:11     | Noticed an entropy weaver
 19516 | D:11     | Found a one-way gate to the infinite horrors of the Abyss.
 19525 | D:11     | Found a transporter.
 19619 | D:11     | Noticed a two-headed ogre
 19632 | D:11     | Killed a two-headed ogre
 19840 | D:11     | Killed Snorg
 20488 | D:12     | Identified the +4 ring mail "Wickoorgh" {^Contam rN++ Dex+3
                  | Slay+2}
 20555 | D:12     | Noticed a two-headed ogre
 20566 | D:12     | Killed a two-headed ogre
 20707 | D:12     | Found Tapint's Book Emporium.
 20715 | D:12     | Bought a book of Cantrips for 288 gold pieces
 20717 | D:12     | Learned a level 1 spell: Apportation
 21155 | D:12     | Reached XP level 13. HP: 126/132 MP: 14/14
 21704 | D:12     | Found a snail-covered altar of Cheibriados.
 22773 | D:10     | Killed Nergalle
 22777 | D:10     | Reached skill level 10 in Maces & Flails
 23106 | Orc:2    | Entered Level 2 of the Orcish Mines
 23113 | Orc:2    | Noticed Azrael
 23316 | Orc:1    | Azrael changed into Azrael the soul eater
 23316 | Orc:1    | Noticed Azrael
 23322 | Orc:1    | Killed Azrael the soul eater
 23627 | Orc:2    | Found a radiant altar of Vehumet.
 23639 | Orc:2    | Noticed an orc warlord
 23675 | Orc:2    | Killed an orc warlord
 23698 | Orc:2    | HP: 4/132 [orc warrior/+0 long sword[an orc warlord] (4)]
 24160 | Orc:2    | Reached skill level 1 in Shields
 24960 | Orc:1    | Reached skill level 5 in Shields
 25496 | Orc:2    | Found a staircase to the Elven Halls.
 26465 | Orc:1    | Reached ****** piety under Makhleb
 26910 | Orc:2    | Noticed Erolcha
 26923 | Orc:2    | Killed Erolcha
 26924 | Orc:2    | Reached skill level 10 in Shields
 27038 | Orc:2    | Found Qexah's Antique Weapon Shoppe.
 27041 | Orc:2    | Found Ixkino Ziev's Jewellery Emporium.
 27042 | Orc:2    | Found Imakkid's Jewellery Shoppe.
 27043 | Orc:2    | Found Sang's Weapon Shoppe.
 27233 | D:4      | Fell from the grace of Makhleb
 27233 | D:4      | Became a worshipper of Nemelex Xobeh the Trickster
 27338 | D:8      | Found an iron altar of Okawaru.
 27443 | D:8      | Found a sacrificial altar of Ru.
 27456 | D:8      | Found an ornate altar of the Wu Jian Council.
 27474 | D:8      | Killed Gastronok
 27475 | D:8      | Reached XP level 14. HP: 127/140 MP: 15/15
 27641 | D:8      | Found Murosasch's Antique Armour Boutique.
 27873 | D:8      | Found a white marble altar of Elyvilon.
 27960 | D:8      | Found a basalt altar of Yredelemnul.
 28222 | D:6      | Noticed Azuvok's ghost (novice MiFi)
 28511 | D:6      | Killed Azuvok's ghost
 30621 | Lair:2   | Reached skill level 18 in Fighting
 30847 | Orc:2    | Bought an amulet of faith for 680 gold pieces
 31394 | Lair:3   | Reached skill level 19 in Fighting
 31931 | Lair:4   | Reached * piety under Nemelex Xobeh
 32158 | Lair:4   | Reached skill level 20 in Fighting
 32270 | Lair:4   | Reached skill level 21 in Fighting
 32311 | Lair:4   | Noticed a cacodemon
 32311 | Lair:4   | Noticed a cacodemon
 32534 | Lair:4   | Received a gift from Nemelex Xobeh
 32858 | Lair:4   | Identified the +3 ring mail "Coewiomm" {rCorr Str+2}
 33104 | Lair:4   | Identified the orb of Integrity {light, Regen+}
 33110 | Lair:5   | Entered Level 5 of the Lair of Beasts
 33231 | Lair:5   | Reached skill level 22 in Fighting
 33441 | Lair:5   | Reached ** piety under Nemelex Xobeh
 33782 | Lair:4   | Reached skill level 23 in Fighting
 33868 | Lair:4   | Reached XP level 15. HP: 158/163 MP: 16/16
 34101 | Lair:5   | Found a staircase to the Slime Pits.
 34101 | Lair:5   | Found a viscous altar of Jiyva.
 35018 | Lair:5   | Was forgiven by Makhleb
 35178 | Lair:5   | Reached skill level 5 in Invocations
 35826 | Lair:4   | Gained mutation: You have hidden genetic defects. [a
                  | cacodemon]
 35831 | Lair:4   | Gained mutation: You occasionally shout uncontrollably at
                  | your foes. [a cacodemon]
 35834 | Lair:4   | Gained mutation: You have terrible hidden genetic defects.
                  | [a cacodemon]
 35880 | Lair:4   | Gained mutation: You occasionally lose the ability to drink
                  | potions when taking damage. [a cacodemon]
 35888 | Lair:4   | Lost mutation: You occasionally lose the ability to drink
                  | potions when taking damage. [potion of mutation]
 35888 | Lair:4   | Lost mutation: You have terrible hidden genetic defects.
                  | [potion of mutation]
 35888 | Lair:4   | Lost mutation: You have hidden genetic defects. [potion of
                  | mutation]
 35888 | Lair:4   | Gained mutation: You have large cloven feet. [potion of
                  | mutation]
 35888 | Lair:4   | Gained mutation: You have hoof-like feet. [potion of
                  | mutation]
 35888 | Lair:4   | Gained mutation: You have hidden genetic defects. [potion
                  | of mutation]
 35888 | Lair:4   | Gained mutation: You have hooves in place of feet. [potion
                  | of mutation]
 35889 | Lair:4   | Lost mutation: You have hidden genetic defects. [potion of
                  | mutation]
 35889 | Lair:4   | Lost mutation: You occasionally shout uncontrollably at
                  | your foes. [potion of mutation]
 35889 | Lair:4   | Lost mutation: You have hooves in place of feet. [potion of
                  | mutation]
 35889 | Lair:4   | Gained mutation: You are dopey. (Int -2) [potion of
                  | mutation]
 36391 | D:13     | Received a gift from Nemelex Xobeh
 37261 | D:14     | Reached *** piety under Nemelex Xobeh
 37625 | D:14     | Found a radiant altar of Vehumet.
 37685 | D:14     | Received a gift from Nemelex Xobeh
 38139 | D:14     | Received a gift from Nemelex Xobeh
 38765 | D:14     | Found a gate to the Vaults.
 38803 | D:15     | Entered Level 15 of the Dungeon
 38823 | D:15     | Received a gift from Nemelex Xobeh
 38853 | D:15     | Reached **** piety under Nemelex Xobeh
 39999 | D:15     | Received a gift from Nemelex Xobeh
 40391 | D:15     | Reached XP level 16. HP: 64/172 MP: 19/19
 40779 | D:15     | Found a staircase to the Depths.
 41177 | Spider:1 | Entered Level 1 of the Spider Nest
 42610 | Spider:1 | Received a gift from Nemelex Xobeh
 43019 | Spider:1 | Identified the +0 hand axe of Gozag's Whim {antimagic, rC++
                  | Int-3}
 43020 | Spider:1 | Identified the -1 quarterstaff "Hidisy" {heavy, rElec rN+
                  | Will+ Int-2}
 44519 | Spider:2 | Reached ***** piety under Nemelex Xobeh
 44844 | Spider:2 | Received a gift from Nemelex Xobeh
 45452 | Spider:3 | Reached skill level 24 in Fighting
 45584 | Spider:3 | Noticed Amplified's ghost (adept MiAl)
 45590 | Spider:3 | Found a runed translucent gate.
 45590 | Spider:3 | Found a runed translucent gate.
 45590 | Spider:3 | Found a runed translucent gate.
 45968 | Spider:3 | Received a gift from Nemelex Xobeh
 46716 | Spider:3 | Received a gift from Nemelex Xobeh
 47345 | Spider:4 | Entered Level 4 of the Spider Nest
 48453 | Spider:4 | Reached XP level 17. HP: 178/182 MP: 23/23
 48873 | Spider:3 | Reached skill level 10 in Invocations
 49791 | Spider:4 | Received a gift from Nemelex Xobeh
 50341 | Spider:3 | HP: 8/183 [wolf spider (7)]
 50342 | Spider:3 | Mangled by a wolf spider

Illustrated notes

Levels and vault maps discovered:
D:1:      dpeg_arrival_round_b, layout_basic, hellmonk_ecumenical_altar_blasted
D:2:      layout_loops_ring, basic_altar, uniq_terence
D:3:      layout_loops_corners, lemuel_coloured_pillars_altar,
          kennysheep_generic_room_8
D:4:      minmay_door_path, layout_loops_ring, amcnicky_altar_gilded,
          fedhas_altar_3, minmay_temple_entry_nine_rooms, uniq_sigmund
D:5:      layout_gridville, nicolae_gozag_seed_capital,
          mainiacjoe_overflow_alcove_4, xom_redecorated, uniq_duvessa,
          uniq_prince_ribbit1, uniq_ijyb, uniq_edmund
D:6:      layout_rooms, gammafunk_ghost_gnarly_gnolls
D:7:      layout_loops_cross, kennysheep_mini
D:8:      layout_loops_ring, okawaru_gym_becter, pf_just_have_faith,
          nicolae_ru_great_annihilating_truth,
          lemuel_mausoleum_altar_yredelemnul, nicolae_wu_jian_wuxing_cycle,
          serial_shops, nicolae_shop_rolling_square, minivault_23,
          uniq_gastronok
D:9:      minmay_clustersquares, layout_basic, minmay_lair_entry_grove,
          hangedman_decor_opposing, solitary_fountain
D:10:     layout_irregular_city, kennysheep_orc_monster_closet_entryway,
          uniq_harold
D:11:     layout_stronghold, gammafunk_ghost_abyssal_escape, elyvilon_altar_1,
          uniq_snorg, uniq_grum
D:12:     layout_rooms, serial_shops, nicolae_shop_advertising_works
          [nicolae_subvault_shop_adworks], minmay_variable_closet,
          cheibriados_altar_1
D:13:     layout_small_grid
D:14:     layout_irregular_city, david_vaults_1, amcnicky_mini_pool_small,
          nicolae_vehumet_altar_sigil
D:15:     grunt_enter_depths_magical_seal, layout_loops_corners,
          patterned_corridor, dreamdust_looks_like_rain
Temple:   hellmonk_temple_beads
Lair:1:   layout_cave_pods
Lair:2:   layout_chaotic_city, dummy_spider_entry, grunt_megastairs_3,
          uniq_sonja, uniq_urug, uniq_amaemon
Lair:3:   regret_index_tunnel_blossom, layout_hall_layers, swamp_mist,
          basic_altar, lemuel_fruit_tree, infiniplex_staircase_pool_2
Lair:4:   layout_regular_city
Lair:5:   grunt_lair_end_beastmaster, layout_loops_ring, slime_entry_1
Spider:1: layout_spider_delve
Spider:2: layout_chambers
Spider:3: layout_chambers, gammafunk_ghost_split
Spider:4: guppyfry_spider_rune
Orc:1:    layout_caves, nicolae_orc_quarried_blocks, uniq_nergalle
Orc:2:    st_orc_pillars, layout_caves, basic_altar, uniq_erolcha, uniq_azrael

Skill      XL: |  1  2  3  4  5  6  7  8  9 10 11 12 13 14 15 16 17 |
---------------+----------------------------------------------------+-----
Fighting       | 2 3 5 7 11 15 17 23 24 | 24.3
Armour         | 2 4 7 10 14 | 14.6
Polearms       | 3 5 9 11 14 | 14.0
Invocations    | 2 6 9 11 | 11.0
Evocations     | 2 4 |  4.0
Maces & Flails | 9 12 | 12.0
Shields        | 10 11 12 14 | 14.9
Dodging        | |  2.1
Stealth        | |  1.5
Spellcasting   | |  1.3
Conjurations   | |  0.6
Fire Magic     | |  2.1

Action                     |  1- 3 |  4- 6 |  7- 9 | 10-12 | 13-15 | 16-18 || total
---------------------------+-------+-------+-------+-------+-------+-------++-------
  Melee: Unarmed           |    19 |       |       |       |       |       ||    19
         Hand axe          |    74 |    71 |       |       |       |       ||   145
         Headbutt          |    16 |    31 |    48 |   138 |   479 |   236 ||   948
         Halberd           |       |   128 |   234 |       |       |       ||   362
         Punch             |       |     1 |       |       |       |       ||     1
         Trident           |       |       |   134 |       |       |       ||   134
         Spear             |       |       |    46 |   772 |       |       ||   818
         Demon whip        |       |       |       |    13 |  1284 |   666 ||  1963
         Morningstar       |       |       |       |     5 |   307 |   139 ||   451
         Flail             |       |       |       |     1 |    90 |       ||    91
         Kick              |       |       |       |       |    21 |       ||    21
  Throw: Boomerang         |     4 |    13 |     3 |       |     7 |    10 ||    37
         Dart              |     4 |     8 |     9 |     1 |    14 |       ||    36
         Throwing net      |       |     1 |     1 |     1 |     4 |       ||     7
   Cast: Foxfire           |     6 |       |       |       |       |       ||     6
         Apportation       |       |       |       |     1 |       |       ||     1
 Invoke: Minor Destruction |       |       |    71 |   181 |   164 |       ||   416
         Lesser Servant of |       |       |       |     3 |       |       ||     3
         Draw Summoning    |       |       |       |       |     3 |    15 ||    18
         Draw Destruction  |       |       |       |       |     3 |    12 ||    15
         Draw Escape       |       |       |       |       |       |     1 ||     1
  Evoke: Wand              |       |       |       |    17 |     5 |       ||    22
    Use: Scroll            |     1 |     1 |    12 |     6 |    10 |     5 ||    35
         Potion            |       |       |     3 |     3 |    12 |     1 ||    19
   Stab: Invisible         |       |       |     1 |       |     5 |       ||     6
         Held in net/web   |       |       |       |     1 |     3 |       ||     4
         Petrifying        |       |       |       |       |     1 |       ||     1
 Armour: Robe              |    16 |       |       |       |       |       ||    16
         Plate armour      |    79 |   199 |   240 |   389 |   516 |       ||  1423
         Chain mail        |       |       |       |       |   621 |   777 ||  1398
  Dodge: Dodged            |    23 |    46 |   108 |   235 |   546 |   273 ||  1231
  Block: Buckler           |       |       |    20 |    53 |   166 |       ||   239
         Kite shield       |       |       |       |       |   540 |   662 ||  1202
